Map: Ascension to Aiur LE

Players

lllllllllllI - Winner!

  • Race: Protoss Protoss
  • League: Master
  • Spawn Location: 11:00

Marre

  • Race: Zerg Zerg
  • League: Master
  • Spawn Location: 5:00

VOD

Have the link to the VOD?

Description

Time

  • Played on: Dec. 31, 2017, 4:19 p.m.
  • Length: 20:31
Show
View Real Time Build Order
Export as new Build Order

lllllllllllI Protoss - Winner!

Build Orders:  

Get SALT Encoding   

  12  0:01  Probe (Chrono Boost)  
  13  0:12  Probe (Chrono Boost)  
  14  0:23  Pylon  
  14  0:24  Probe  
  15  0:41  Probe  
  16  0:44  Forge  
  16  0:54  Probe  
  17  1:05  Pylon  
  17  1:06  Probe  
  18  1:18  Probe  
  19  1:30  Probe  
  20  1:35  Pylon  
  20  1:36  Pylon  
  20  1:37  Pylon  
  20  1:54  Photon Cannon  
  20  1:57  Pylon  
  20  1:59  Pylon  
  20  2:06  Probe (Chrono Boost)  
  21  2:16  Probe (Chrono Boost)  
  21  2:21  Probe (Chrono Boost)  
  22  2:32  Assimilator  
  22  2:33  Probe  
  22  2:36  Assimilator, Nexus  
  23  2:39  Gateway  
  23  2:40  Photon Cannon  
  23  2:43  Pylon  
  23  2:54  Nexus  
  23  2:59  Probe (Chrono Boost)  
  24  3:11  Probe  
  25  3:15  Pylon  
  25  3:23  Probe  
  26  3:27  Photon Cannon  
  26  3:30  Zealot  
  28  3:35  Cybernetics Core  
  28  3:40  Photon Cannon  
  28  3:44  Probe (Chrono Boost)  
  30  3:50  Probe (Chrono Boost)  
  30  3:56  Pylon  
  30  3:58  Probe (Chrono Boost)  
  30  4:00  Probe (Chrono Boost)  
  32  4:09  Assimilator  
  32  4:11  Probe (Chrono Boost)  
  32  4:12  Probe (Chrono Boost)  
  32  4:13  Assimilator  
  34  4:18  Probe (Chrono Boost)  
  35  4:26  Assimilator  
  35  4:28  Probe (Chrono Boost)  
  35  4:30  Assimilator  
  37  4:31  Probe (Chrono Boost)  
  37  4:33  Probe (Chrono Boost)  
  38  4:38  Probe  
  38  4:42  Probe  
  38  4:44  Probe  
  41  4:50  Stargate, Probe  
  42  4:53  Stargate  
  42  4:54  Probe  
  42  4:59  Stargate  
  43  5:06  Stargate  
  43  5:11  Probe (Chrono Boost)  
  43  5:12  Probe (Chrono Boost)  
  46  5:14  Probe (Chrono Boost)  
  47  5:25  Probe (Chrono Boost)  
  47  5:27  Photon Cannon  
  47  5:33  Probe, Stalker  
  50  5:38  Oracle (Chrono Boost)  
  50  5:40  Oracle (Chrono Boost)  
  56  5:45  Oracle (Chrono Boost)  
  62  6:00  Probe  
  63  6:04  Oracle (Chrono Boost)  
  63  6:07  Oracle (Chrono Boost)  
  69  6:12  Probe  
  69  6:13  Oracle (Chrono Boost)  
  70  6:24  Pylon, Probe, Oracle (Chrono Boost)  
  74  6:28  Pylon, Oracle  
  77  6:42  Pylon, Oracle (Chrono Boost)  
  77  6:43  Oracle (Chrono Boost)  
  86  7:04  Oracle (Chrono Boost)  
  89  7:13  Oracle (Chrono Boost)  
  89  7:17  Oracle x2 (Chrono Boost)  
  93  7:35  Photon Cannon  
  93  7:38  Photon Cannon  
  79  8:13  Oracle x4  
  91  8:20  Probe  
  92  8:32  Probe  
  92  8:33  Photon Cannon  
  93  8:44  Pylon, Fleet Beacon  
  92  8:50  Oracle x2  
  98  9:36  Pylon  
  101  9:38  Pylon  
  101  9:40  Pylon  
  101  9:41  Pylon  
  101  9:52  Photon Cannon  
  98  10:13  Pylon  
  92  10:15  Pylon  
  92  10:18  Pylon  
  92  10:19  Pylon  
  86  10:23  Stargate x2  
  86  10:29  Robotics Facility  
  86  10:32  Robotics Facility  
  87  10:57  Probe (Chrono Boost)  
  87  11:03  Pylon  
  87  11:06  Probe (Chrono Boost)  
  88  11:16  Nexus  
  88  11:18  Pylon  
  88  11:21  Carrier x2  
  100  11:27  Immortal x2, Robotics Bay  
  108  11:36  Photon Cannon  
  108  11:38  Photon Cannon  
  108  11:39  Shield Battery  
  108  11:40  Probe  
  108  11:46  Photon Cannon  
  109  11:47  Photon Cannon  
  109  11:50  Photon Cannon  
  109  11:52  Probe, Photon Cannon  
  109  11:53  Photon Cannon  
  110  12:06  Immortal x2  
  115  12:18  Graviton Catapult  
  115  12:23  Extended Thermal Lance  
  115  12:27  Stargate  
  115  12:30  Assimilator  
  115  12:31  Probe  
  115  12:35  Assimilator  
  116  12:44  Probe  
  117  12:45  Colossus  
  93  13:19  Carrier x3 (Chrono Boost)  
  108  13:27  Robotics Facility  
  108  13:29  Probe  
  109  13:39  Observer  
  110  13:41  Probe  
  111  13:53  Probe  
  106  13:56  Colossus  
  112  14:14  Colossus  
  118  14:19  Mothership (Chrono Boost)  
  122  14:40  Pylon  
  122  14:42  Carrier (Chrono Boost), Pylon  
  125  15:29  Carrier  
  125  15:47  Nexus  
  125  15:50  Pylon  
  125  15:51  Pylon  
  125  15:52  Pylon  
  125  15:53  Pylon  
  125  15:57  Pylon  
  125  16:03  Pylon  
  125  16:04  Pylon  
  125  16:07  Carrier  
  125  16:08  Colossus  
  125  16:09  Colossus  
  134  17:20  Void Ray  
  134  17:21  Void Ray  
  142  17:28  Forge  
  142  17:31  Mothership (Chrono Boost)  
  142  17:33  Void Ray, Assimilator  
  142  17:36  Assimilator  
  154  18:01  Photon Cannon  
  154  18:03  Void Ray x2, Photon Cannon  
  162  18:06  Photon Cannon  
  156  18:38  Nexus  
  156  18:46  Pylon, Nexus  
  156  18:47  Pylon  
  156  18:49  Pylon  
  156  19:04  Pylon, Observer (Chrono Boost)  
  156  19:07  Pylon  
Show
View Real Time Build Order
Export as new Build Order

Marre Zerg 

Build Orders: Hatch First 

Get SALT Encoding   

  12  0:00  Drone  
  13  0:13  Overlord  
  13  0:17  Drone  
  14  0:23  Extractor  
  14  0:24  Drone  
  15  0:35  Drone  
  16  0:36  Drone  
  17  0:55  Hatchery  
  16  0:57  Drone  
  16  0:59  Drone  
  18  1:15  Spawning Pool  
  17  1:25  Extractor  
  16  1:32  Drone x3  
  20  2:06  Spine Crawler  
  20  2:07  Zergling x4  
  20  2:08  Zergling x2  
  22  2:15  Queen  
  25  2:25  Queen  
  25  2:27  Overlord  
  27  2:30  Extractor  
  26  2:44  Drone x2  
  26  2:47  Drone  
  26  2:51  Overlord  
  29  3:01  Queen  
  30  3:13  Hatchery  
  30  3:14  Drone  
  30  3:15  Drone  
  30  3:19  Drone  
  32  3:24  Drone  
  32  3:25  Drone  
  32  3:26  Drone  
  35  3:29  Drone  
  36  3:35  Drone  
  36  3:40  Metabolic Boost  
  37  3:41  Drone  
  37  3:43  Drone  
  37  3:46  Drone  
  40  3:49  Overlord  
  40  3:52  Drone  
  40  3:54  Drone  
  42  3:57  Drone x2  
  42  4:00  Overlord  
  43  4:09  Drone  
  45  4:10  Drone, Extractor  
  44  4:18  Overlord  
  44  4:19  Drone x2  
  46  4:27  Drone x3, Extractor  
  48  4:31  Queen  
  50  4:39  Drone  
  50  4:40  Baneling Nest, Drone x2, Overlord  
  50  4:42  Drone x4  
  56  4:45  Queen  
  58  4:53  Drone x3  
  58  4:55  Overlord  
  61  5:02  Overlord x2  
  61  5:06  Drone  
  62  5:08  Evolution Chamber  
  62  5:11  Lair  
  61  5:14  Drone  
  61  5:16  Drone x3  
  61  5:18  Zergling x4  
  67  5:22  Drone x2  
  67  5:25  Drone x2  
  71  5:30  Overlord  
  71  5:31  Drone x2  
  73  5:40  Overlord  
  73  5:41  Zerg Melee Weapons Level 1  
  73  5:42  Zergling x4  
  75  5:46  Hatchery  
  74  5:59  Zergling x8  
  74  6:00  Overlord  
  74  6:03  Extractor  
  74  6:04  Drone, Extractor  
  76  6:06  Drone  
  76  6:07  Drone x3, Roach Warren  
  76  6:08  Drone x2  
  82  6:12  Overseer  
  82  6:14  Overseer  
  82  6:17  Overseer  
  82  6:22  Drone  
  82  6:23  Drone, Overlord  
  84  6:34  Drone  
  84  6:35  Drone x4, Extractor  
  84  6:36  Hydralisk Den  
  87  6:41  Spore Crawler  
  87  6:44  Spore Crawler  
  87  6:45  Centrifical Hooks  
  87  6:46  Glial Reconstitution  
  85  6:48  Drone  
  85  6:49  Evolution Chamber  
  85  6:50  Drone x2  
  87  6:58  Overlord  
  87  7:08  Hydralisk x8, Muscular Augments  
  103  7:23  Hydralisk x4  
  103  7:24  Overlord  
  103  7:28  Zerg Ground Armor Level 1  
  103  7:29  Zergling x2  
  112  7:30  Zergling x12  
  112  7:34  Hydralisk x2  
  112  7:36  Zerg Missile Weapons Level 1, Zergling x6  
  126  7:37  Zergling x6  
  126  7:39  Spore Crawler  
  126  7:41  Spore Crawler  
  108  7:44  Queen x2  
  104  7:53  Hydralisk  
  104  7:54  Zergling x2, Hydralisk x2  
  94  7:59  Hydralisk  
  94  8:00  Hydralisk  
  94  8:04  Hydralisk  
  88  8:12  Drone x3  
  87  8:17  Hydralisk  
  89  8:22  Spore Crawler  
  87  8:31  Hydralisk x3  
  87  8:32  Drone  
  87  8:33  Drone  
  93  8:40  Hydralisk x2  
  97  8:49  Spore Crawler  
  97  8:53  Queen  
  96  9:02  Spore Crawler x2  
  94  9:21  Baneling  
  94  9:24  Spore Crawler  
  86  9:30  Spore Crawler  
  85  9:31  Drone x7  
  85  9:34  Spore Crawler  
  85  9:36  Queen  
  85  9:37  Zerg Missile Weapons Level 2  
  93  9:41  Zerg Ground Armor Level 2  
  93  9:45  Drone  
  93  9:46  Drone  
  93  9:51  Drone  
  93  9:52  Drone x2  
  98  10:03  Hydralisk x2  
  98  10:04  Hydralisk  
  100  10:09  Drone x3  
  99  10:15  Hydralisk x2  
  69  10:24  Hydralisk x3  
  75  10:29  Hydralisk  
  75  10:34  Hydralisk x2  
  81  10:48  Hydralisk x2  
  81  10:49  Hydralisk x3, Drone  
  80  10:54  Hydralisk  
  80  10:56  Hydralisk  
  82  10:58  Hydralisk  
  82  11:00  Hydralisk  
  86  11:07  Drone x3  
  86  11:08  Drone x2  
  86  11:09  Drone  
  92  11:13  Drone x3  
  92  11:14  Drone  
  92  11:18  Queen  
  98  11:26  Queen  
  98  11:27  Queen  
  102  11:33  Hydralisk x2  
  106  11:41  Spire  
  106  11:42  Hydralisk x2  
  106  11:46  Hydralisk  
  111  11:50  Hydralisk x2  
  115  12:00  Hydralisk x3  
  121  12:09  Hydralisk  
  121  12:10  Hydralisk  
  121  12:14  Extractor  
  124  12:16  Extractor, Spore Crawler  
  122  12:25  Overlord  
  122  12:30  Hydralisk x3  
  122  12:32  Overseer  
  128  12:50  Hydralisk x4  
  128  12:51  Hydralisk  
  136  12:53  Zerg Flyer Weapons Level 1  
  136  13:04  Hydralisk x3  
  136  13:05  Hydralisk x2, Zergling x6  
  118  13:09  Spore Crawler  
  118  13:10  Hatchery, Spore Crawler  
  106  13:14  Hydralisk x5  
  113  13:28  Hydralisk x2  
  113  13:32  Hydralisk  
  119  13:38  Hydralisk x2  
  122  13:44  Hatchery  
  100  13:55  Hydralisk  
  100  13:56  Hydralisk x5  
  100  14:01  Drone  
  100  14:02  Drone x2  
  115  14:06  Corruptor  
  117  14:25  Hydralisk  
  117  14:26  Hydralisk x6  
  131  14:33  Infestation Pit  
  130  14:39  Zergling x2  
  125  14:55  Hydralisk  
  125  14:56  Hydralisk x8  
  139  15:03  Drone x6  
  141  15:15  Zerg Flyer Armor Level 1  
  137  15:22  Hydralisk  
  137  15:23  Hydralisk x4  
  113  15:36  Corruptor x3  
  119  15:49  Extractor x2, Corruptor x3  
  123  16:05  Hydralisk x4  
  123  16:06  Hydralisk  
  123  16:10  Hive  
  133  16:20  Hydralisk x2  
  133  16:21  Hydralisk x2  
  141  16:32  Corruptor  
  140  16:42  Corruptor x2  
  132  16:55  Hydralisk x3  
  132  17:00  Overseer  
  108  17:14  Hydralisk x3  
  90  17:18  Hydralisk  
  92  17:25  Zergling x14  
  92  17:26  Zergling x16  
  92  17:27  Queen x2  
  92  17:28  Queen  
  113  17:38  Hydralisk x4  
  121  17:47  Hatchery  
  120  17:56  Hydralisk  
  120  17:57  Hydralisk x5  
  132  18:06  Hydralisk x2  
  134  18:21  Overlord x3  
  134  18:25  Overlord x2  
  134  18:49  Drone  
  134  18:50  Drone, Overlord  
  134  18:53  Corruptor x2  
  140  19:10  Extractor  
  140  19:12  Drone, Extractor  
  140  19:13  Drone  
  140  19:15  Drone  
  141  19:27  Hydralisk x2  
  141  19:30  Pathogen Glands  
  145  19:31  Drone x2  
  145  19:33  Drone  
  145  19:34  Drone  
  145  19:46  Hydralisk x3  
  145  19:49  Overseer  
  147  19:54  Hydralisk x2  
Tags
 
Add a new tag
Caveats
  • Supply blocks, unpowered buildings, or Contaminate may cause inaccurate times.
  • Supply counts are checked every 10 seconds.